 Dungeon Crawl Stone Soup version 0.31-a0-960-g0fca184906 (webtiles) character file.

Game seed: 519489372341825382

102 Mgcat the Ducker (level 4, 0/31 HPs)
             Began as an Octopode Fighter on Oct 23, 2023.
             Slain by a fire bat (1 damage)
             ... on level 3 of the Dungeon.
             The game lasted 00:02:25 (1541 turns).

Mgcat the Ducker (Octopode Fighter)                 Turns: 1541, Time: 00:02:26

Health: 0/31       AC:  1    Str: 17    XL:     4   Next: 78%
Magic:  4/4        EV: 13    Int: 10    God:
Gold:   157        SH:  0    Dex: 11    Spells: 3/3 levels left

rFire   . . .        a - +0 war axe
rCold   . . .        j - orb {*Rage}
rNeg    . . .        (helmet restricted)
rPois   +            (no amulet)
rElec   .            i - ring of poison resistance {rPois, !d}
rCorr   .            (no ring)
SInv    .            (no ring)
Will    .....        (no ring)
Stlth   ++           (no ring)
HPRegen 0.25/turn    (no ring)
MPRegen 0.09/turn    (no ring)
                     (no ring)

%: random rage (20%)
@: on berserk cooldown
A: almost no armour, amphibious, 8 rings, camouflage 1, gelatinous body 1,
(nimble swimmer 1), tentacles
a: no special abilities


You were on level 3 of the Dungeon.
You visited 1 branch of the dungeon, and saw 3 of its levels.

You collected 157 gold pieces.

Inventory:

Hand Weapons
 a - a +0 war axe (weapon)
Armour
 b - a +0 buckler
 j - an orb of wrath (worn)
   (You found it on level 2 of the Dungeon)
Jewellery
 i - a ring of poison resistance (left tentacle) {rPois, !d}
   (You found it on level 2 of the Dungeon)
Scrolls
 d - 2 scrolls of identify {unknown}
 e - 2 scrolls of blinking {unknown}
 g - a scroll of noise {unknown}
 k - 2 scrolls of amnesia {unknown}


   Skills:
 + Level 3.5 Fighting
 * Level 3.4 Axes
 + Level 3.6 Dodging
 + Level 0.0 Stealth
 + Level 3.5 Shields


You had 3 spell levels left.
You didn't know any spells.
Your spell library contained the following spells:

 Spells                   Type           Power      Damage    Failure   Level
 Gell's Gravitas          Tloc           0%         N/A       75%         3
 Teleport Other           Tloc           0%         N/A       75%         3
 Dispersal                Tloc           0%         N/A       100%        6


Dungeon Overview and Level Annotations

Branches:
Dungeon (3/15)

Altars:
Zin


Innate Abilities, Weirdness & Mutations

You cannot wear most types of armour.
You are amphibious.
You can wear up to eight rings at the same time.
Your skin changes colour to match your surroundings (Stealth+).
Your rubbery body absorbs attacks. (AC +1, EV +1)
((You are camouflaged when in or above water. (Stealth+)))
You have tentacles for arms and can constrict up to eight enemies at once.


Message History

The giga bat closely misses you.
You take 1 damage, and have 44/46 hp.
You slice the giga bat!!
You kill the giga bat!
No target in view!
No target in view!
No target in view!
You see here a bat corpse.
No target in view!
No target in view!
No target in view!
You feel a strong urge to attack something.
You are no longer berserk.
You are exhausted.
You feel yourself slow down.
You now have 30/31 hp.
You start resting.
HP restored.
Health restored: 31 Unknown command.
Unknown command.
Unknown command.
You see here a bat corpse.
A phase bat comes into view.
A phase bat comes into view.
The phase bat blinks!
The phase bat misses you.
You closely miss the phase bat. You grab the phase bat.
You constrict the phase bat.
The phase bat struggles to blink free from constriction.
The phase bat escapes!
The phase bat hits you but does no damage.
The phase bat hits you.
You take 1 damage, and have 30/31 hp.
You closely miss the phase bat. You grab the phase bat.
You squeeze the phase bat.
You kill the phase bat!
The phase bat closely misses you. The phase bat barely misses you.
Health restored: 31 You slash the phase bat!
You kill the phase bat!
No target in view!
No target in view!
You see here a phase bat corpse.
A fire bat comes into view.
A fire bat is nearby!
A fire bat is nearby! 2 fire bats and 3 skeletal bats come into view.
You feel yourself speed up.
You miss the fire bat. Your grab misses the fire bat.
You barely miss the skeletal bat. The fire bat bites you.
You are engulfed in flames.
The skeletal bat hits you but does no damage.
The fire bat bites you.
You are engulfed in flames.
The skeletal bat closely misses you. x2; The skeletal bat hits you.
The fire bat bites you.
You are engulfed in flames.
You take 17 damage, and have 14/31 hp.
MASSIVE DAMAGE!!
You are too injured to fight recklessly!
You are too injured to fight recklessly!
You are too injured to fight recklessly!
You are too injured to fight recklessly!
The skeletal bat closely misses you. The skeletal bat completely misses you.
The skeletal bat misses you. The fire bat misses you.
The skeletal bat attacks as it pursues you!
The skeletal bat misses you. The fire bat attacks as it pursues you!
The fire bat closely misses you.
The skeletal bat hits you but does no damage.
The fire bat misses you. The skeletal bat closely misses you.
The fire bat attacks as it pursues you! The fire bat misses you.
The skeletal bat barely misses you. The fire bat bites you.
You are engulfed in flames.
The skeletal bat hits you.
* * * LOW HITPOINT WARNING * * *
The fire bat bites you but does no damage.
The skeletal bat barely misses you.
You see here a phase bat corpse.
You take 5 damage, and have 9/31 hp.
The fire bat attacks as it pursues you! The fire bat barely misses you.
The fire bat bites you.
* * * LOW HITPOINT WARNING * * *
You are engulfed in flames.
* * * LOW HITPOINT WARNING * * *
You take 1 damage, and have 8/31 hp.
You feel very mighty all of a sudden. The fire bat bites you.
* * * LOW HITPOINT WARNING * * *
You are engulfed in flames.
* * * LOW HITPOINT WARNING * * *
The fire bat closely misses you.
You take 6 damage, and have 2/31 hp.
It was a potion of cancellation.
Your magical effects are unravelling.
You feel magically purged.
You feel a little less mighty now. The fire bat barely misses you.
It was a potion of curing.
You feel better. The fire bat bites you.
* * * LOW HITPOINT WARNING * * *
You are engulfed in flames.
* * * LOW HITPOINT WARNING * * *
The fire bat bites you.
* * * LOW HITPOINT WARNING * * *
You are engulfed in flames.
You die...

#... ..?# ..#
#.## #.### ####
##Z..# #..##
#Zb#.$#
#...###b##...#
##†###@## ...#
####.##.# Z..#
#.†.#..†## .##
######†..# #.
#..##.# #####.#
### #.## #.#
#..# #..
##.####.#######


You could see 2 fire bats and 2 skeletal bats.

Vanquished Creatures
  2 adders (D:2)
  2 endoplasms
  A goblin (D:2)
  2 hobgoblins (D:1)
  2 kobolds
  2 quokkas
  3 ball pythons
  13 bats
  2 frilled lizards (D:2)
  3 rats (D:1)
32 creatures vanquished.

Notes
Turn   | Place    | Note
-------+----------+-------------------------------------------
     0 | D:1      | Mgcat the Octopode Fighter began the quest for the Orb.
     0 | D:1      | Reached XP level 1. HP: 16/16 MP: 1/1
   165 | D:1      | Found a faded altar of an unknown god.
   170 | D:1      | Reached XP level 2. HP: 21/21 MP: 2/2
   675 | D:2      | Reached XP level 3. HP: 26/26 MP: 3/3
   823 | D:2      | Found a glowing silver altar of Zin.
  1508 | D:3      | Reached skill level 3 in Axes
  1511 | D:3      | Reached XP level 4. HP: 31/31 MP: 4/4
  1539 | D:3      | HP: 3/31 [fire bat (5)]
  1541 | D:3      | HP: 1/31 [fire bat (5)]
  1541 | D:3      | Slain by a fire bat

Illustrated notes

Levels and vault maps discovered:
D:1:      tarquinn_simple_flora_water_e, layout_basic,
          shapermc_ecumenical_altar_gd
D:2:      layout_basic, basic_altar, minmay_misc_feat_square,
          minmay_misc_feat_cross
D:3:      layout_basic, goddamned_bats

Skill      XL: |  1  2  3 |
---------------+----------+-----
Axes           | 3 |  3.4
Fighting       | |  3.5
Dodging        | |  3.6
Shields        | |  3.5

Action                     |  1- 3 |  4- 6 || total
---------------------------+-------+-------++-------
  Melee: War axe           |    48 |     9 ||    57
         Constrict         |    14 |     3 ||    17
         Tentacles         |     7 |     1 ||     8
    Use: Potion            |       |     3 ||     3
   Stab: Sleeping          |     7 |       ||     7
 Armour: Skin              |    21 |    20 ||    41
  Dodge: Dodged            |    31 |    23 ||    54
  Block: Buckler           |     8 |       ||     8

Table legend: (Time is in decaauts)
 A = Elapsed time spent in this place.
 B = Non-inter-level travel time spent in this place.
 C = Inter-level travel time spent in this place.
 D = Time resting spent in this place.
 E = Time spent auto-exploring this place.
 F = Levels seen in this place.
 G = Mean time per level.
                   A        B        C        D        E       F      G
               +--------+--------+--------+--------+--------+-----+--------+
         Total |   1574 |   1535 |     39 |     56 |   1264 |   3 |  524.7 |
       Dungeon |   1574 |   1535 |     39 |     56 |   1264 |   3 |  524.7 |
               +--------+--------+--------+--------+--------+-----+--------+

Top non-repeatable levels by time:
     D:2: 749 daAuts
     D:1: 651 daAuts
     D:3: 173 daAuts

Levels and vault maps discovered:
D:1:      tarquinn_simple_flora_water_e, layout_basic,
          shapermc_ecumenical_altar_gd
D:2:      layout_basic, basic_altar, minmay_misc_feat_square,
          minmay_misc_feat_cross
D:3:      layout_basic, goddamned_bats

Table legend: (Time is in decaauts)
 A = Elapsed time spent in this place.
 B = Non-inter-level travel time spent in this place.
 C = Inter-level travel time spent in this place.
 D = Time resting spent in this place.
 E = Time spent auto-exploring this place.
 F = Levels seen in this place.
 G = Mean time per level.
                   A        B        C        D        E       F      G
               +--------+--------+--------+--------+--------+-----+--------+
         Total |   1574 |   1535 |     39 |     56 |   1264 |   3 |  524.7 |
       Dungeon |   1574 |   1535 |     39 |     56 |   1264 |   3 |  524.7 |
               +--------+--------+--------+--------+--------+-----+--------+

Top non-repeatable levels by time:
     D:2: 749 daAuts
     D:1: 651 daAuts
     D:3: 173 daAuts

Table legend:
 A = Kills in this place as a percentage of kills in the entire game.
 B = Kills by you in this place as a percentage of kills by you in the entire game.
 C = Kills by friends in this place as a percentage of kills by friends in the entire game.
 D = Other kills in this place as a percentage of other kills in the entire game.
 E = Experience gained in this place as a percentage of experience gained in the entire game.
 F = Experience gained in this place divided by the number of levels of this place that you have seen.
                   A       B       C       D       E      F
               +-------+-------+-------+-------+-------+----------------------
         Total | 100.0 | 100.0 |   N/A |   N/A | 100.0 |  49.0
       Dungeon | 100.0 | 100.0 |   N/A |   N/A | 100.0 |  49.0
               +-------+-------+-------+-------+-------+----------------------
